 Dungeon Sprint DCSS version 0.29.1-4-g47bece8355 (webtiles) character file.

Game seed: 1505788654231930400

457 Groucho the Unseen (level 6, -3/37 HPs)
             Began as a Felid Transmuter on Dec 11, 2022.
             Slain by a wyvern (17 damage)
             ... in the Dungeon (Sprint II: "The Violet Keep of Menkaure").
             The game lasted 00:01:26 (209 turns).

Groucho the Unseen (Felid Transmuter)                Turns: 209, Time: 00:01:26

Health: -3/37      AC:  2    Str:  8    XL:     6   Next: 77%
Magic:  11/11      EV: 17    Int: 14    God:
Gold:   729        SH:  0    Dex: 17    Spells: 10/11 levels left
                                        Lives:  0   Deaths: 2

rFire   . . .      SeeInvis +     - Unarmed
rCold   . . .      Faith    .   (shield unavailable)
rNeg    . . .      Spirit   .   (body armour unavailable)
rPois   .          Reflect  .   (helmet unavailable)
rElec   .          Harm     .   (cloak unavailable)
rCorr   .          Rampage  .   (gloves unavailable)
Will    .....      NoTele   +   (boots unavailable)
Stlth   ++++++....              (no amulet)
HPRegen 0.12/turn               (no ring)
MPRegen 0.12/turn               (no ring)

@: appendages, quick
A: horns 2, very small, claws 1, fangs 3, see invisible, speed 1, shaggy fur 2,
stealthy paws, no weapons or thrown items, no armour, multi-lived, robust 1
a: End Transformation


You were in the Dungeon.
You had temporarily grown beastly horns.
You visited 1 branch You collected 729 gold pieces.

Inventory:

Scrolls
 g - a scroll of blinking
Potions
 a - a potion of lignification
 b - a potion of curing
 c - a potion of heal wounds
 e - 2 potions of magic


   Skills:
 + Level 8.4 Fighting
 - Level 2.6 Dodging
 * Level 16.2 Stealth
 + Level 8.9 Unarmed Combat
 + Level 3.1 Spellcasting
 + Level 3.7 Transmutations


You had 10 spell levels left.
You knew the following spells:

 Your Spells              Type           Power      Damage    Failure   Level
a - Beastly Appendage     Tmut           24%        N/A       4%          1

Your spell library contained the following spells:

 Spells                   Type           Power      Damage    Failure   Level
 Wereblood                Tmut           12%        N/A       7%          2
 Spider Form              Tmut/Pois      7%         N/A       28%         3
 Ice Form                 Ice/Tmut       7%         N/A       67%         4


Dungeon Overview and Level Annotations

Branches:
Dungeon (1/1)

Altars:


Innate Abilities, Weirdness & Mutations

You have temporarily grown beastly horns.
You have sharp claws.
You have razor-sharp teeth.
You have supernaturally acute eyesight. (SInv)
You cover ground quickly. (Speed+)
You are covered in thick fur. (AC +2)
Your paws help you pounce on unaware monsters.
You are incapable of wielding weapons or throwing items.
You cannot wear armour.
You gain extra lives every three experience levels.
You are robust. (+10% HP)


Message History

You scratch the wyvern but do no damage.
The wyvern is heavily wounded.
The wyvern bites you!
* * * LOW HITPOINT WARNING * * *
You barely miss the wyvern.
The wyvern is heavily wounded.
The wyvern barely misses you.
You scratch the wyvern but do no damage.
You headbutt the wyvern.
The wyvern is heavily wounded.
The wyvern bites you!!
You die...
Your shape twists and changes as you die.
The wyvern closely misses you.
You are now level 6!
Your horns disappear.
You rejoin the land of the living...
Unknown command.
There is an open door, spattered with blood here.
You see here the felid corpse of Groucho.
Casting: Beastly Appendage (safe; 6% risk of failure)
Confirm with . or Enter, or press ? or * to list all spells.
You grow a pair of large bovine horns.
There is a staircase leading out of the dungeon here.
You scratch the wyvern. You claw the wyvern. Your bite misses the wyvern.
The wyvern is almost dead.
The wyvern bites you!
You claw the wyvern!
You kill the wyvern!
Your Stealth skill increases to level 16!
Your Spellcasting skill increases to level 3!
You claw the wyvern!
The wyvern is heavily wounded.
The wyvern bites you!
Unknown command.
Unknown command.
You barely miss the wyvern. You claw the wyvern.
The wyvern is severely wounded.
The wyvern bites you!
You die...

##+## ##...##
#..#).#
####...##
#.###'##
#.#.##.####
~'##.†.<.'.##+
.#~##..##@##.†.#
▓###~
#.###l###.##
#### ####†#.# ##
#.###.# ## ##


You could see a wyvern.

Vanquished Creatures
  A merfolk siren (D)
  A wyvern (D)
  3 neqoxecs (D)
  2 worms (D)
7 creatures vanquished.

Vanquished Creatures (others)
  Menkaure (D)
  A water moccasin (D)
2 creatures vanquished.

Grand Total: 9 creatures vanquished

Notes
Turn   | Place    | Note
-------+----------+-------------------------------------------
     0 | D        | Groucho the Felid Transmuter began the quest for the Orb.
     0 | D        | Reached XP level 1. HP: 9/9 MP: 4/4
     2 | D        | Noticed a neqoxec
     2 | D        | Noticed a neqoxec
     2 | D        | Noticed a neqoxec
     2 | D        | Noticed a neqoxec
     7 | D        | Killed a neqoxec
     8 | D        | Reached skill level 9 in Stealth
     8 | D        | Reached skill level 5 in Unarmed Combat
     8 | D        | Reached XP level 2. HP: 15/15 MP: 6/6
     8 | D        | Reached XP level 3. HP: 19/19 MP: 7/7
     8 | D        | Reached XP level 4. HP: 22/22 MP: 8/8
    16 | D        | Killed a neqoxec
    17 | D        | Reached skill level 12 in Stealth
    17 | D        | Reached XP level 5. HP: 18/27 MP: 9/9
    17 | D        | Gained mutation: You are covered in thick fur. (AC +2)
                  | [Felid growth]
    17 | D        | Reached XP level 6. HP: 21/31 MP: 10/10
    17 | D        | Gained mutation: You are robust. (+10% HP) [a neqoxec]
    22 | D        | Slain by a neqoxec
    23 | D        | Reached XP level 5. HP: -2/29 MP: 9/9
    24 | D        | Noticed a merfolk siren
    25 | D        | Killed a merfolk siren
    26 | D        | Reached skill level 15 in Stealth
    26 | D        | Reached XP level 6. HP: 36/36 MP: 10/10
    38 | D        | Killed a neqoxec
    39 | D        | Reached XP level 7. HP: 25/40 MP: 11/11
    94 | D        | Killed Menkaure
   188 | D        | Noticed a wyvern
   188 | D        | Noticed a wyvern
   197 | D        | HP: 2/40 [wyvern (8)]
   199 | D        | Demolished by a wyvern
   200 | D        | Reached XP level 6. HP: -16/36 MP: 11/11
   207 | D        | Killed a wyvern
   208 | D        | Reached skill level 16 in Stealth
   209 | D        | Slain by a wyvern

Illustrated notes

Levels and vault maps discovered:
D:        the_violet_keep_of_menkaure [sprint2_stairs_cluster_1,
          sprint2_shoproom, sprint2_temple, sprint2_basic_supplies,
          sprint2_obstacle_3, sprint2_obstacle_1, sprint2_obstacle_4,
          sprint2_obstacle_7, sprint2_obstacle_5, sprint2_timed_cluster_1,
          sprint2_smallroom_cluster_1, sprint2_smallroom_final_cluster_1,
          sprint2_transparent_cluster_1, sprint2_second_timed_cluster_1,
          sprint2_sniper_area_1, sprint2_heavy_combat_area_1,
          sprint2_mutation_trap_area_1, sprint2_forest_area_1,
          sprint2_light_combat_area_1, sprint2_behind_water_1,
          sprint2_near_end_vault_1]

Skill      XL: |  1  2  3  4  5  6 |
---------------+-------------------+-----
Fighting       | 4 6 7 8 |  8.4
Stealth        | 9 12 15 16 | 16.2
Unarmed Combat | 5 6 8 |  8.9
Transmutations | 3 |  3.7
Spellcasting   | 3 |  3.1
Dodging        | |  2.6

Action                   |  1- 3 |  4- 6 |  7- 9 || total
-------------------------+-------+-------+-------++-------
Melee: Unarmed           |     4 |    24 |    16 ||    44
       Bite              |     1 |     1 |     1 ||     3
       Punch             |       |     2 |     1 ||     3
       Headbutt          |       |       |     1 ||     1
 Cast: Beastly Appendage |       |     1 |     1 ||     2
  Use: Potion            |     2 |       |       ||     2
 Stab: Sleeping          |       |     1 |       ||     1
Armor: Skin              |       |     1 |     1 ||     2
Dodge: Dodged            |     2 |    10 |    10 ||    22
